| TOP OF THE 1ST |
|
Amarillo ThunderHeads batting - Pitching for Joplin Blasters : LHP Sean Walters
|
|
Pitching: LHP Sean Walters
|
|
|
Batting: LHB Carlos Guajardo
|
0-0: Called Strike 0-1: SOLO HOME RUN (Flyball, 7LD, EV 101.2 MPH), Distance : 376 ft
|
|
Batting: LHB Mike Gruszewski
|
0-0: Called Strike 0-1: Ball 1-1: Called Strike 1-2: Ground out 4-3 (Groundball, 4, EV 87.5 MPH)
|
|
Batting: RHB Bill Flannery
|
0-0: SINGLE (Groundball, 6MD, EV 98.1 MPH)
|
|
Batting: LHB Tony Cisneros
|
0-0: Ball 1-0: Called Strike 1-1: Foul Ball, location: 2F 1-2: Strikes out swinging
|
|
Batting: LHB Thie Hofmann
|
0-0: Swinging Strike 0-1: Foul Ball, location: 2F 0-2: Ball 1-2: Strikes out swinging
|
| Top of the 1st over - 1 run, 2 hits, 0 errors, 1 left on base; Amarillo 1 - Joplin 0 |
| BOTTOM OF THE 1ST |
|
Joplin Blasters batting - Pitching for Amarillo ThunderHeads : RHP Guignard Settignano
|
|
Pitching: RHP Guignard Settignano
|
|
|
Batting: RHB Esteban Acuna
|
0-0: Ground out 5-3 (Groundball, 56S, EV 83.8 MPH)
|
|
Batting: RHB Cody Marshall
|
0-0: Ball 1-0: Called Strike 1-1: Ball 2-1: Ball 3-1: Called Strike 3-2: Ground out 6-3 (Groundball, 6, EV 81.2 MPH)
|
|
Batting: RHB Tanner Holland
|
0-0: Ball 1-0: Ball 2-0: Ball 3-0: Called Strike 3-1: Called Strike 3-2: Foul Ball, location: 2F 3-2: Foul Ball, location: 2F 3-2: SINGLE (Groundball, 6MD, EV 100.0 MPH)
|
|
Batting: LHB Willie Marquez
|
0-0: Called Strike 0-1: Ball 1-1: Called Strike 1-2: Foul Ball, location: 2F 1-2: Foul Ball, location: 2F 1-2: Strikes out swinging
|
| Bottom of the 1st over - 0 runs, 1 hit, 0 errors, 1 left on base; Amarillo 1 - Joplin 0 |
| TOP OF THE 2ND |
|
Amarillo ThunderHeads batting - Pitching for Joplin Blasters : LHP Sean Walters
|
|
Batting: RHB Jorge Balderama
|
0-0: Called Strike 0-1: Foul Ball, location: 2F 0-2: Ball 1-2: Ball 2-2: Ball 3-2: Foul Ball, location: 2F 3-2: Strikes out swinging
|
|
Batting: LHB Bill Mahoney
|
0-0: DOUBLE (Flyball, 89XD, EV 110.6 MPH)
|
|
Batting: RHB Shi-fu Cuan
|
0-0: Ball 1-0: Foul Ball, location: 2F 1-1: Called Strike 1-2: Ball 2-2: Ground out 6-3 (Groundball, 6, EV 88.1 MPH)
|
|
Batting: RHB Adrian Quilantan
|
0-0: Fly out, F7 (Flyball, 7S, EV 76.9 MPH)
|
| Top of the 2nd over - 0 runs, 1 hit, 0 errors, 1 left on base; Amarillo 1 - Joplin 0 |
| BOTTOM OF THE 2ND |
|
Joplin Blasters batting - Pitching for Amarillo ThunderHeads : RHP Guignard Settignano
|
|
Batting: RHB Steve Huebner
|
0-0: Ball 1-0: Ball 2-0: Ball 3-0: Called Strike 3-1: Base on Balls
|
|
Batting: RHB Alex Valadez
|
0-0: Grounds into double play, 4-6-3 (Groundball, 4, EV 90.6 MPH)
|
|
Batting: RHB Nate Brewer
|
0-0: Ball 1-0: SINGLE (Line Drive, 4D, EV 98.8 MPH)
|
|
Batting: LHB Josh Lane
|
0-0: Ball 1-0: Swinging Strike 1-1: Ball 2-1: Swinging Strike 2-2: Strikes out swinging
|
| Bottom of the 2nd over - 0 runs, 1 hit, 0 errors, 1 left on base; Amarillo 1 - Joplin 0 |
| TOP OF THE 3RD |
|
Amarillo ThunderHeads batting - Pitching for Joplin Blasters : LHP Sean Walters
|
|
Batting: LHB Carlos Guajardo
|
0-0: Ball 1-0: Ball 2-0: Ball 3-0: Called Strike 3-1: Fly out, F4 (Popup, 4, EV 76.2 MPH)
|
|
Batting: LHB Mike Gruszewski
|
0-0: Called Strike 0-1: TRIPLE (Flyball, 9LD, EV 109.4 MPH)
|
|
Batting: RHB Bill Flannery
|
0-0: Called Strike 0-1: Ball 1-1: Ball 2-1: Ground out 5-3 (Groundball, 56, EV 104.4 MPH) Mike Gruszewski scores
|
|
Batting: LHB Tony Cisneros
|
0-0: Fly out, F7 (Flyball, 7, EV 91.2 MPH)
|
| Top of the 3rd over - 1 run, 1 hit, 0 errors, 0 left on base; Amarillo 2 - Joplin 0 |
| BOTTOM OF THE 3RD |
|
Joplin Blasters batting - Pitching for Amarillo ThunderHeads : RHP Guignard Settignano
|
|
Batting: RHB Sean Walters
|
0-0: Called Strike 0-1: Ball 1-1: Swinging Strike 1-2: Strikes out swinging
|
|
Batting: RHB Esteban Acuna
|
0-0: SINGLE (Line Drive, 6D, EV 95.0 MPH)
|
|
Batting: RHB Cody Marshall
|
0-0: Ball Esteban Acuna steals 2nd base 1-0: DOUBLE (Flyball, 8LXD, EV 103.8 MPH) Esteban Acuna scores
|
|
Batting: RHB Tanner Holland
|
0-0: Ball 1-0: Ball 2-0: Ball 3-0: Swinging Strike 3-1: Foul Ball, location: 2F 3-2: SINGLE (Groundball, 6D, EV 109.4 MPH) Cody Marshall to third Runner from 3rd tries for Home, SAFE, throw by CF to home
|
|
Batting: LHB Willie Marquez
|
0-0: Swinging Strike 0-1: Swinging Strike 0-2: Ball 1-2: Ball 2-2: Strikes out looking
|
|
Batting: RHB Steve Huebner
|
0-0: Called Strike 0-1: Ball 1-1: Ball 2-1: Called Strike 2-2: Strikes out swinging
|
| Bottom of the 3rd over - 2 runs, 3 hits, 0 errors, 1 left on base; Amarillo 2 - Joplin 2 |
| TOP OF THE 4TH |
|
Amarillo ThunderHeads batting - Pitching for Joplin Blasters : LHP Sean Walters
|
|
Batting: LHB Thie Hofmann
|
0-0: Foul Ball, location: 2F 0-1: Ball 1-1: Ball 2-1: Foul Ball, location: 2F 2-2: Foul Ball, location: 2F 2-2: Foul Ball, location: 2F 2-2: Ball 3-2: Base on Balls
|
|
Batting: RHB Jorge Balderama
|
0-0: Swinging Strike 0-1: Foul Ball, location: 2F 0-2: Strikes out looking
|
|
Batting: LHB Bill Mahoney
|
0-0: Called Strike 0-1: Ball 1-1: Called Strike 1-2: Foul Ball, location: 2F 1-2: Ball 2-2: Strikes out swinging
|
|
Batting: RHB Shi-fu Cuan
|
0-0: Swinging Strike 0-1: SINGLE (Line Drive, 9S, EV 99.4 MPH) Thie Hofmann to second
|
|
Batting: RHB Adrian Quilantan
|
0-0: Ball 1-0: Ball 2-0: Called Strike 2-1: Ball 3-1: Swinging Strike 3-2: Foul Ball, location: 2F 3-2: Foul Ball, location: 2F 3-2: Base on Balls Thie Hofmann to third Shi-fu Cuan to second
|
|
Batting: LHB Carlos Guajardo
|
0-0: Foul Ball, location: 2F 0-1: Called Strike 0-2: Ball 1-2: Ball 2-2: Ball 3-2: Strikes out swinging
|
| Top of the 4th over - 0 runs, 1 hit, 0 errors, 3 left on base; Amarillo 2 - Joplin 2 |
| BOTTOM OF THE 4TH |
|
Joplin Blasters batting - Pitching for Amarillo ThunderHeads : RHP Guignard Settignano
|
|
Batting: RHB Alex Valadez
|
0-0: SOLO HOME RUN (Flyball, 78XD, EV 110.0 MPH), Distance : 415 ft
|
|
Batting: RHB Nate Brewer
|
0-0: Ball 1-0: Ball 2-0: Foul Ball, location: 2F 2-1: Ball 3-1: Base on Balls
|
|
Batting: LHB Josh Lane
|
0-0: Ball 1-0: Ball 2-0: Fly out, F7 (Flyball, 7, EV 95.0 MPH)
|
|
Batting: RHB Sean Walters
|
0-0: Ball 1-0: Called Strike 1-1: Ball 2-1: Foul Ball, location: 2F 2-2: Ball 3-2: Fly out, F3 (Popup, 3SF, EV 74.4 MPH)
|
|
Batting: RHB Esteban Acuna
|
0-0: Ball 1-0: Ground out U3 (Groundball, 3S, EV 85.6 MPH)
|
| Bottom of the 4th over - 1 run, 1 hit, 0 errors, 1 left on base; Amarillo 2 - Joplin 3 |
| TOP OF THE 5TH |
|
Amarillo ThunderHeads batting - Pitching for Joplin Blasters : LHP Sean Walters
|
|
Batting: LHB Mike Gruszewski
|
0-0: Ball 1-0: Ball 2-0: Ground out 6-3 (Groundball, 6, EV 88.1 MPH)
|
|
Batting: RHB Bill Flannery
|
0-0: Ground out 6-3 (Groundball, 6, EV 86.2 MPH)
|
|
Batting: LHB Tony Cisneros
|
0-0: Called Strike 0-1: Fly out, F7 (Flyball, 78D, EV 81.2 MPH)
|
| Top of the 5th over - 0 runs, 0 hits, 0 errors, 0 left on base; Amarillo 2 - Joplin 3 |
| BOTTOM OF THE 5TH |
|
Joplin Blasters batting - Pitching for Amarillo ThunderHeads : RHP Guignard Settignano
|
|
Batting: RHB Cody Marshall
|
0-0: Ball 1-0: Foul Ball, location: 2F 1-1: Ball 2-1: Swinging Strike 2-2: Foul Ball, location: 2F 2-2: Strikes out swinging
|
|
Pitching: LHP Eric Inglis
|
|
|
Batting: RHB Tanner Holland
|
0-0: Called Strike 0-1: SOLO HOME RUN (Flyball, 78XD, EV 106.9 MPH), Distance : 409 ft
|
|
Batting: LHB Willie Marquez
|
0-0: Foul Ball, location: 2F 0-1: Swinging Strike 0-2: Foul Ball, location: 2F 0-2: Ball 1-2: Strikes out looking
|
|
Batting: RHB Steve Huebner
|
0-0: Foul Ball, location: 2F 0-1: Ball 1-1: Foul Ball, location: 2F 1-2: Foul Ball, location: 2F 1-2: Foul Ball, location: 2F 1-2: Ball 2-2: Ball 3-2: Strikes out swinging
|
| Bottom of the 5th over - 1 run, 1 hit, 0 errors, 0 left on base; Amarillo 2 - Joplin 4 |
| TOP OF THE 6TH |
|
Amarillo ThunderHeads batting - Pitching for Joplin Blasters : LHP Sean Walters
|
|
Batting: LHB Thie Hofmann
|
0-0: Ground out 5-3 (Groundball, 6, EV 86.9 MPH)
|
|
Batting: RHB Jorge Balderama
|
0-0: Ball 1-0: Ball 2-0: Ball 3-0: Called Strike 3-1: Foul Ball, location: 2F 3-2: Strikes out swinging passed ball, reaches first!
|
|
Batting: LHB Bill Mahoney
|
0-0: Called Strike 0-1: DOUBLE (Line Drive, 7LM, EV 93.8 MPH) Jorge Balderama to third
|
|
Batting: RHB Shi-fu Cuan
|
0-0: Ground out 5-3 (Groundball, 5, EV 86.9 MPH)
|
|
Batting: RHB Adrian Quilantan
|
0-0: Swinging Strike 0-1: Ball 1-1: Ball 2-1: Foul Ball, location: 2F 2-2: Fly out, F7 (Flyball, 7, EV 73.1 MPH)
|
| Top of the 6th over - 0 runs, 1 hit, 0 errors, 2 left on base; Amarillo 2 - Joplin 4 |
| BOTTOM OF THE 6TH |
|
Joplin Blasters batting - Pitching for Amarillo ThunderHeads : LHP Eric Inglis
|
|
Batting: RHB Alex Valadez
|
0-0: Ball 1-0: Foul Ball, location: 2F 1-1: Ball 2-1: Ball 3-1: Foul Ball, location: 2F 3-2: Strikes out swinging
|
|
Batting: RHB Nate Brewer
|
0-0: Ball 1-0: Foul Ball, location: 2F 1-1: Foul Ball, location: 2F 1-2: Strikes out looking
|
|
Batting: LHB Josh Lane
|
0-0: Ground out 4-3 (Groundball, 4, EV 88.8 MPH)
|
| Bottom of the 6th over - 0 runs, 0 hits, 0 errors, 0 left on base; Amarillo 2 - Joplin 4 |
| TOP OF THE 7TH |
|
Amarillo ThunderHeads batting - Pitching for Joplin Blasters : LHP Sean Walters
|
|
Batting: LHB Carlos Guajardo
|
0-0: Foul Ball, location: 2F 0-1: Ball 1-1: Single, Error in OF, E8, batter to second base (Line Drive, 8LS, EV 103.8 MPH)
|
|
Pinch Hitting: RHB Ray Travis
|
0-0: Called Strike 0-1: Swinging Strike 0-2: Ball 1-2: DOUBLE (Flyball, 8RXD, EV 108.1 MPH) Carlos Guajardo scores
|
|
Batting: RHB Bill Flannery
|
0-0: Ball 1-0: Ball 2-0: Called Strike 2-1: Ball 3-1: Base on Balls
|
|
Pitching: RHP Luis Mendoza
|
|
|
Batting: LHB Tony Cisneros
|
0-0: Ball 1-0: Grounds into double play, U6-3 (Groundball, 4M, EV 90.0 MPH) Ray Travis to third
|
|
Batting: LHB Thie Hofmann
|
0-0: Called Strike 0-1: Fly out, F7 (Flyball, 78M, EV 72.5 MPH)
|
| Top of the 7th over - 1 run, 2 hits, 1 error, 1 left on base; Amarillo 3 - Joplin 4 |
| BOTTOM OF THE 7TH |
|
Joplin Blasters batting - Pitching for Amarillo ThunderHeads : LHP Eric Inglis
|
|
Now in RF: Jose Ramirez
|
|
|
Batting: RHB Sean Walters
|
0-0: Called Strike 0-1: Swinging Strike 0-2: Ball 1-2: SOLO HOME RUN (Flyball, 78XD, EV 108.8 MPH), Distance : 402 ft
|
|
Batting: RHB Esteban Acuna
|
0-0: Ball 1-0: Foul Ball, location: 2F 1-1: Called Strike 1-2: Strikes out swinging
|
|
Batting: RHB Cody Marshall
|
0-0: Foul Ball, location: 2F 0-1: Swinging Strike 0-2: Strikes out swinging
|
|
Batting: RHB Tanner Holland
|
0-0: Ball 1-0: Ball 2-0: Ball 3-0: Base on Balls
|
|
Batting: LHB Willie Marquez
|
0-0: Ball 1-0: Ball 2-0: Ground out 4-3 (Groundball, 4, EV 90.6 MPH)
|
| Bottom of the 7th over - 1 run, 1 hit, 0 errors, 1 left on base; Amarillo 3 - Joplin 5 |
| TOP OF THE 8TH |
|
Amarillo ThunderHeads batting - Pitching for Joplin Blasters : RHP Luis Mendoza
|
|
Batting: RHB Jorge Balderama
|
0-0: Called Strike 0-1: Ball 1-1: SINGLE (Flyball, 9LS, EV 89.4 MPH)
|
|
Batting: LHB Bill Mahoney
|
0-0: Ball 1-0: Ball 2-0: Fly out, F7 (Line Drive, 78M, EV 101.2 MPH)
|
|
Batting: RHB Shi-fu Cuan
|
0-0: Ball 1-0: Ball 2-0: Foul Ball, location: 2F 2-1: Swinging Strike 2-2: Foul Ball, location: 2F 2-2: Ball 3-2: Strikes out swinging
|
|
Batting: RHB Adrian Quilantan
|
0-0: Ball 1-0: Called Strike 1-1: DOUBLE (Line Drive, 89D, EV 102.5 MPH) Jorge Balderama to third
|
|
Batting: LHB Carlos Guajardo
|
0-0: Foul Ball, location: 2F 0-1: Fly out, F6 (Flyball, 56D, EV 81.9 MPH)
|
| Top of the 8th over - 0 runs, 2 hits, 0 errors, 2 left on base; Amarillo 3 - Joplin 5 |
| BOTTOM OF THE 8TH |
|
Joplin Blasters batting - Pitching for Amarillo ThunderHeads : LHP Eric Inglis
|
|
Batting: RHB Steve Huebner
|
0-0: Called Strike 0-1: Ground out 1-3 (Groundball, 34S, EV 68.8 MPH)
|
|
Batting: RHB Alex Valadez
|
0-0: Swinging Strike 0-1: Swinging Strike 0-2: Ball 1-2: Ground out 6-3 (Groundball, 6MS, EV 88.1 MPH)
|
|
Batting: RHB Nate Brewer
|
0-0: Ball 1-0: Called Strike 1-1: Ball 2-1: Ball 3-1: Called Strike 3-2: Strikes out swinging
|
| Bottom of the 8th over - 0 runs, 0 hits, 0 errors, 0 left on base; Amarillo 3 - Joplin 5 |
| TOP OF THE 9TH |
|
Amarillo ThunderHeads batting - Pitching for Joplin Blasters : RHP Luis Mendoza
|
|
Batting: SHB Jose Ramirez
|
0-0: Ball 1-0: Ball 2-0: Ball 3-0: Base on Balls
|
|
Batting: RHB Bill Flannery
|
0-0: Foul Ball, location: 2F 0-1: Ball 1-1: Ball 2-1: Foul Ball, location: 2F 2-2: Foul Ball, location: 2F 2-2: SINGLE (Line Drive, 8RS, EV 92.5 MPH) Jose Ramirez to second
|
|
Pinch Hitting: RHB Eric Camillo
|
0-0: Ball 1-0: Ball 2-0: Called Strike 2-1: Ball 3-1: Foul Ball, location: 2F 3-2: Foul Ball, location: 2F 3-2: Foul Ball, location: 2F 3-2: Fielders Choice at 2nd, 3-6 (Groundball, 34S, EV 83.1 MPH) Jose Ramirez to third
|
|
Batting: LHB Thie Hofmann
|
0-0: Ball 1-0: Ball 2-0: Called Strike 2-1: Ball 3-1: Base on Balls Eric Camillo to second
|
|
Batting: RHB Jorge Balderama
|
0-0: Ball 1-0: Called Strike 1-1: SINGLE (Groundball, 4MD, EV 96.9 MPH) Jose Ramirez scores Eric Camillo to third Thie Hofmann to second Runner from 3rd tries for Home, SAFE, throw by CF to home
|
|
Batting: LHB Bill Mahoney
|
0-0: Grounds into double play, 1-6-3 (Groundball, 13S, EV 67.5 MPH)
|
| Top of the 9th over - 2 runs, 2 hits, 0 errors, 1 left on base; Amarillo 5 - Joplin 5 |
| BOTTOM OF THE 9TH |
|
Joplin Blasters batting - Pitching for Amarillo ThunderHeads : LHP Eric Inglis
|
|
Pitching: RHP Neil Coutee
|
|
|
Now at 2B: Bill Flannery
|
|
|
Now at 3B: Eddie Vanderjagt
|
|
|
Pinch Hitting: RHB Mike Stokes
|
0-0: Called Strike 0-1: Ball 1-1: Fly out, F6 (Popup, 6M, EV 68.1 MPH)
|
|
Batting: RHB Jin-hoi Hur
|
0-0: Foul Ball, location: 2F 0-1: Fly out, F7 (Flyball, 7LSF, EV 94.4 MPH)
|
|
Batting: RHB Esteban Acuna
|
0-0: Ball 1-0: Foul Ball, location: 2F 1-1: Ground out 4-3 (Groundball, 4S, EV 83.8 MPH)
|
| Bottom of the 9th over - 0 runs, 0 hits, 0 errors, 0 left on base; Amarillo 5 - Joplin 5 |
| TOP OF THE 10TH |
|
Amarillo ThunderHeads batting - Pitching for Joplin Blasters : RHP Luis Mendoza
|
|
Now at SS: Bobby Leon
|
|
|
Batting: RHB Shi-fu Cuan
|
0-0: Ball 1-0: SINGLE (Groundball, 4D, EV 100.6 MPH)
|
|
Batting: RHB Adrian Quilantan
|
0-0: Ball 1-0: Ball 2-0: Called Strike 2-1: SINGLE (Groundball, 34D, EV 101.9 MPH) Shi-fu Cuan to second Runner from 2nd tries for 3rd, SAFE, no throw by RF
|
|
Batting: LHB Carlos Guajardo
|
0-0: Called Strike 0-1: Foul Ball, location: 2F 0-2: Ball 1-2: Foul Ball, location: 2F 1-2: Foul Ball, location: 2F 1-2: Ball 2-2: Foul Ball, location: 2F 2-2: Foul Ball, location: 2F 2-2: Foul Ball, location: 2F 2-2: Fly out, F8 (Flyball, 8LD, EV 99.4 MPH) Runner from 3rd tags up, SCORES, throw by CF
|
|
Pitching: RHP Rade Mamula
|
|
|
Batting: SHB Jose Ramirez
|
0-0: Ball 1-0: Swinging Strike 1-1: Foul Ball, location: 2F 1-2: Foul Ball, location: 2F 1-2: Foul Ball, location: 2F 1-2: Fielders Choice at 2nd, 4-6 (Groundball, 4, EV 90.0 MPH)
|
|
Batting: RHB Bill Flannery
|
0-0: Fly out, F9 (Flyball, 89M, EV 81.9 MPH)
|
| Top of the 10th over - 1 run, 2 hits, 0 errors, 1 left on base; Amarillo 6 - Joplin 5 |
| BOTTOM OF THE 10TH |
|
Joplin Blasters batting - Pitching for Amarillo ThunderHeads : RHP Neil Coutee
|
|
Pitching: RHP Adam Montag
|
|
|
Batting: RHB Cody Marshall
|
0-0: Called Strike 0-1: Ball 1-1: Swinging Strike 1-2: Strikes out swinging
|
|
Batting: RHB Tanner Holland
|
0-0: Ball 1-0: Foul Ball, location: 2F 1-1: Ball 2-1: Called Strike 2-2: Foul Ball, location: 2F 2-2: Strikes out swinging
|
|
Pinch Hitting: RHB Colin Padgett
|
0-0: Ball 1-0: Called Strike 1-1: Ball 2-1: SINGLE (Line Drive, 8LS, EV 99.4 MPH)
|
|
Pinch Hitting: RHB Mike McClung
|
0-0: Ball 1-0: Fly out, F1 (Popup, P, EV 90.6 MPH)
|
| Bottom of the 10th over - 0 runs, 1 hit, 0 errors, 1 left on base; Amarillo 6 - Joplin 5 |
|